 Dungeon Sprint DCSS version 0.30-a0-177-g1cb5dbfd7a (webtiles) character file.

Game seed: 11469116102484234994

256 hellse the Martial Artist (level 6, -5/61 HPs)
             Began as a Gnoll Transmuter on Oct 2, 2022.
             Slain by a human (13 damage)
             ... in the Dungeon (Sprint III: "The Ten Rune Challenge").
             The game lasted 00:01:04 (256 turns).

hellse the Martial Artist (Gnoll Transmuter)         Turns: 256, Time: 00:01:04

Health: -5/61      AC:  6    Str: 11    XL:     6   Next: 16%
Magic:  7/15       EV: 12    Int: 13    God:
Gold:   32         SH:  0    Dex: 12    Spells: 10/18 levels left

rFire   x . .      SeeInvis .      - Unarmed
rCold   + + +      Faith    .    (shield currently unavailable)
rNeg    . . .      Spirit   .    (body armour currently unavailable)
rPois   +          Reflect  .    (helmet currently unavailable)
rElec   .          Harm     .    (cloak currently unavailable)
rCorr   .          Rampage  .    (gloves currently unavailable)
Will    .....      NoTele   +    (boots currently unavailable)
Stlth   +++.......               (no amulet)
HPRegen 0.30/turn                (no ring)
MPRegen 0.14/turn                (no ring)

@: ice-form
A: freezing attack, amphibious, boosted hp, large, (fangs 1), strong nose,
distributed training
a: End Transformation


You were in the Dungeon.
You were a creature of crystalline ice.
You visited 1 branch You collected 32 gold pieces.

Inventory:

Armour
 a - a +0 robe (melded)
 i - a +0 ring mail
Scrolls
 h - a scroll of blinking
 j - 2 scrolls of torment {unknown}
 k - 2 scrolls of identify {unknown}
Potions
 c - a potion of curing
 d - a potion of heal wounds
 e - a potion of haste
 f - 2 potions of magic
 g - a potion of berserk rage
 l - a potion of degeneration {unknown}
 m - a potion of flight {unknown}
 n - 5 potions of mutation


   Skills:
 + Level 5.1 Fighting
 + Level 4.4 Short Blades
 + Level 4.4 Long Blades
 + Level 4.4 Axes
 + Level 4.4 Maces & Flails
 + Level 4.4 Polearms
 + Level 4.4 Staves
 + Level 4.4 Ranged Weapons
 + Level 4.4 Throwing
 + Level 4.4 Armour
 + Level 6.4 Dodging
 + Level 4.4 Stealth
 + Level 4.4 Shields
 + Level 8.0 Unarmed Combat
 + Level 6.7 Spellcasting
 + Level 3.6 Conjurations
 + Level 3.6 Hexes
 + Level 3.6 Summonings
 + Level 3.6 Necromancy
 + Level 3.6 Translocations
 + Level 5.3 Transmutations
 + Level 3.6 Fire Magic
 + Level 3.6 Ice Magic
 + Level 3.6 Air Magic
 + Level 3.6 Earth Magic
 + Level 3.6 Poison Magic
 + Level 4.8 Invocations
 + Level 4.4 Evocations


You had 10 spell levels left.
You knew the following spells:

 Your Spells              Type           Power      Damage    Failure   Level
a - Beastly Appendage     Tmut           36%        N/A       1%          1
b - Spider Form           Tmut/Pois      16%        N/A       8%          3
c - Ice Form              Ice/Tmut       16%        N/A       24%         4

Your spell library contained the following spells:

 Spells                   Type           Power      Damage    Failure   Level
 Wereblood                Tmut           18%        N/A       2%          2


Dungeon Overview and Level Annotations

Branches:
Dungeon (1/1)

Altars:
Okawaru
Trog
Uskayaw
Wu Jian


Innate Abilities, Weirdness & Mutations

You are a creature of crystalline ice.
You have a powerful freezing melee attack.
You are amphibious.
Your maximum health is increased.
Your armour is entirely melded.
You are incapable of wielding weapons or throwing items.
((You have very sharp teeth.))
Your uncanny sense of smell can sniff out nearby items.
Your experience applies equally to all skills.


Message History

Your Polearms skill increases to level 4!
Your Staves skill increases to level 4!
Your Ranged Weapons skill increases to level 4!
Your Throwing skill increases to level 4!
Your Armour skill increases to level 4!
Your Dodging skill increases to level 6!
Your Stealth skill increases to level 4!
Your Shields skill increases to level 4!
Your Unarmed Combat skill increases to level 8!
Your Conjurations skill increases to level 3!
Your Hexes skill increases to level 3!
Your Summonings skill increases to level 3!
Your Necromancy skill increases to level 3!
Your Translocations skill increases to level 3!
Your Transmutations skill increases to level 5!
Your Fire Magic skill increases to level 3!
Your Ice Magic skill increases to level 3!
Your Air Magic skill increases to level 3!
Your Earth Magic skill increases to level 3!
Your Poison Magic skill increases to level 3!
Your Invocations skill increases to level 4!
Your Evocations skill increases to level 4!
You have reached level 5!
You have reached level 6!
Unknown command.
Press < or > to pray at altars.
Unknown command.
Press < or > to pray at altars.
Unknown command.
Press < or > to pray at altars.
You barely miss the human. The human hits you!
* * * LOW HITPOINT WARNING * * *
You punch the human! You freeze the human.
The human is heavily wounded.
The human hits you!
* * * LOW HITPOINT WARNING * * *
You punch the human! You freeze the human.
The human is almost dead.
The human hits you!
You die...

▓ ▓▓▓ #### ##.# #####
...#####..# #__p#
....#..#..#∆ #_Y)#∆ ∆
#...#..#..###+#'###+##∆∆
##..##'#..#..........# ∆
##..###...'.⌠........# ∆
#.†####...#...######+# ∆
#..###....#.⌠.#
...##.....#...#∆
...#†.....#+###
.##.#.....# ∆∆


You could see a human (strong).

Vanquished Creatures
  A water elemental (D)
  Jessica (D)
  2 humans (D)
  A phantom (D)
  An endoplasm (D)
  2 rats (D)
8 creatures vanquished.

Notes
Turn   | Place    | Note
-------+----------+-------------------------------------------
     0 | D        | hellse the Gnoll Transmuter began the quest for the Orb.
     0 | D        | Reached XP level 1. HP: 17/17 MP: 6/6
    26 | D        | Noticed Jessica
    32 | D        | Killed Jessica
    33 | D        | Reached skill level 1 in Short Blades
    33 | D        | Reached skill level 1 in Long Blades
    33 | D        | Reached skill level 1 in Axes
    33 | D        | Reached skill level 1 in Maces & Flails
    33 | D        | Reached skill level 1 in Polearms
    33 | D        | Reached skill level 1 in Staves
    33 | D        | Reached skill level 1 in Ranged Weapons
    33 | D        | Reached skill level 1 in Throwing
    33 | D        | Reached skill level 1 in Armour
    33 | D        | Reached skill level 1 in Stealth
    33 | D        | Reached skill level 1 in Shields
    33 | D        | Reached skill level 5 in Spellcasting
    33 | D        | Reached skill level 1 in Conjurations
    33 | D        | Reached skill level 1 in Hexes
    33 | D        | Reached skill level 1 in Summonings
    33 | D        | Reached skill level 1 in Necromancy
    33 | D        | Reached skill level 1 in Translocations
    33 | D        | Reached skill level 1 in Fire Magic
    33 | D        | Reached skill level 1 in Ice Magic
    33 | D        | Reached skill level 1 in Air Magic
    33 | D        | Reached skill level 1 in Earth Magic
    33 | D        | Reached skill level 1 in Poison Magic
    33 | D        | Reached skill level 1 in Evocations
    33 | D        | Reached XP level 2. HP: 19/24 MP: 8/8
    33 | D        | Reached XP level 3. HP: 23/29 MP: 9/9
    43 | D        | Learned a level 3 spell: Spider Form
    50 | D        | Reached skill level 5 in Dodging
   117 | D        | Reached skill level 7 in Unarmed Combat
   141 | D        | Noticed a water elemental
   146 | D        | Killed a water elemental
   147 | D        | Reached XP level 4. HP: 26/37 MP: 12/12
   237 | D        | Learned a level 4 spell: Ice Form
   245 | D        | Found a hide-covered altar of Uskayaw.
   245 | D        | Found an iron altar of Okawaru.
   245 | D        | Found a bloodstained altar of Trog.
   245 | D        | Found an ornate altar of the Wu Jian Council.
   245 | D        | Noticed a human
   246 | D        | Noticed a human
   253 | D        | Killed a human
   254 | D        | Reached skill level 5 in Fighting
   254 | D        | Reached skill level 8 in Unarmed Combat
   254 | D        | Reached skill level 5 in Transmutations
   254 | D        | Reached XP level 5. HP: 25/44 MP: 7/14
   254 | D        | Reached XP level 6. HP: 29/51 MP: 7/15
   256 | D        | Slain by a human

Illustrated notes

Levels and vault maps discovered:
D:        dungeon_sprint_mu [sprint_mu_entry_cave, sprint_mu_temple_rooms,
          sprint_mu_d1_spiders, sprint_mu_d2_genie, sprint_mu_d3_branching,
          sprint_mu_orc_legion, sprint_mu_elf_gauntlet, sprint_mu_hive_nellie,
          sprint_mu_lair_fedhas, sprint_mu_vaults_butterflies,
          sprint_mu_slime_circle, sprint_mu_swamp_cave, sprint_mu_snake_twists,
          sprint_mu_blade_basic, sprint_mu_crypt_fortress,
          sprint_mu_tomb_spiral, sprint_mu_vestibule_basic,
          sprint_mu_gehenna_hellfire, sprint_mu_dis_giant,
          sprint_mu_tartarus_statrot, sprint_mu_cocytus_islands, sprint_mu_zot1]

Skill      XL: |  1  2  3  4 |
---------------+-------------+-----
Fighting       | 3 4 5 |  5.1
Short Blades   | 1 3 4 |  4.4
Long Blades    | 1 3 4 |  4.4
Axes           | 1 3 4 |  4.4
Maces & Flails | 1 3 4 |  4.4
Polearms       | 1 3 4 |  4.4
Staves         | 1 3 4 |  4.4
Ranged Weapons | 1 3 4 |  4.4
Throwing       | 1 3 4 |  4.4
Armour         | 1 3 4 |  4.4
Stealth        | 1 3 4 |  4.4
Shields        | 1 3 4 |  4.4
Spellcasting   | 5 6 |  6.7
Conjurations   | 1 2 3 |  3.6
Hexes          | 1 2 3 |  3.6
Summonings     | 1 2 3 |  3.6
Necromancy     | 1 2 3 |  3.6
Translocations | 1 2 3 |  3.6
Transmutations | 4 5 |  5.3
Fire Magic     | 1 2 3 |  3.6
Ice Magic      | 1 2 3 |  3.6
Air Magic      | 1 2 3 |  3.6
Earth Magic    | 1 2 3 |  3.6
Poison Magic   | 1 2 3 |  3.6
Invocations    | 2 3 4 |  4.8
Evocations     | 1 3 4 |  4.4
Dodging        | 5 6 |  6.4
Unarmed Combat | 7 8 |  8.0

Action                   |  1- 3 |  4- 6 || total
-------------------------+-------+-------++-------
Melee: Unarmed           |    25 |     9 ||    34
       Headbutt          |     3 |       ||     3
       Kick              |     2 |       ||     2
       Punch             |     2 |       ||     2
 Cast: Beastly Appendage |     2 |       ||     2
       Spider Form       |     3 |     1 ||     4
       Ice Form          |       |     1 ||     1
  Use: Potion            |     1 |       ||     1
Armor: Robe              |     1 |       ||     1
       Skin              |     2 |     3 ||     5
Dodge: Dodged            |    17 |     2 ||    19

Table legend: (Time is in decaauts)
 A = Elapsed time spent in this place.
 B = Non-inter-level travel time spent in this place.
 C = Inter-level travel time spent in this place.
 D = Time resting spent in this place.
 E = Time spent auto-exploring this place.
 F = Levels seen in this place.
 G = Mean time per level.
                   A        B        C        D        E       F      G
               +--------+--------+--------+--------+--------+-----+--------+
         Total |    256 |    256 |      0 |    122 |      0 |   1 |  256.0 |
       Dungeon |    256 |    256 |      0 |    122 |      0 |   1 |  256.0 |
               +--------+--------+--------+--------+--------+-----+--------+

Top non-repeatable levels by time:
       D: 256 daAuts
